 Dungeon Crawl Stone Soup version 0.31.0-9-g3a7656b989 (webtiles) character file.

Game seed: 10000974011823415912

30 qw the Shooter (level 3, 0/20 HPs)
             Began as a Deep Elf Hunter on Feb 2, 2024.
             Succumbed to their own poison gas
             ... on level 1 of the Dungeon.
             The game lasted 00:00:02 (849 turns).

qw the Shooter (Deep Elf Hunter)                     Turns: 849, Time: 00:00:03

Health: 0/20       AC:  6    Str: 10    XL:     3   Next: 5%
Magic:  5/5        EV: 11    Int: 13    God:
Gold:   55         SH:  0    Dex: 18    Spells: 2/2 levels left

rFire   . . .        a - +0 shortbow
rCold   . . .        (shield currently unavailable)
rNeg    . . .        b - +0 ring mail
rPois   .            (no helmet)
rElec   .            (no cloak)
rCorr   .            f - +0 pair of gloves
SInv    .            (no boots)
Will    .....        (no amulet)
Stlth   +            (no ring)
HPRegen 0.23/turn    (no ring)
MPRegen 0.09/turn

%: no passive effects
@: lethally poisoned (0 -> -1), attractive
A: no striking features
a: no special abilities


You were on level 1 of the Dungeon.
You visited 1 branch of the dungeon, and saw 1 of its levels.

You collected 55 gold pieces.


   Skills:
 - Level 1.5 Fighting
 + Level 6.6 Ranged Weapons
 - Level 2.4 Dodging
 - Level 1.2 Stealth


You had 2 spell levels left.
You didn't know any spells.
Your spell library was empty.

Inventory:

Hand Weapons
 a - a +0 shortbow (weapon)
Armour
 b - a +0 ring mail (worn)
 f - a +0 pair of gloves (worn)

Dungeon Overview and Level Annotations

Branches:
Dungeon (1/15)

Altars:


Message History

838 ||| READING scroll labelled ATZI HIOK OGAKLI.
As you read the scroll labelled ATZI HIOK OGAKLI, it crumbles to dust.
It is a scroll of amnesia.
You feel forgetful for a moment.
Done exploring.
839 ||| DRINKING 2 inky potions.
It was a potion of attraction.
You feel attractive to monsters.
Done exploring.
840 ||| DROPPING 2 scrolls of poison.
You drop 2 scrolls of poison.
Done exploring.
841 ||| DROPPING potion of attraction.
You drop a potion of attraction.
Done exploring.
What level of the Dungeon? (default 1, ? - help) Sorry, I don't know how to get there.
Enter note:
Enter note:
Enter note:
Enter note:
Enter note:
Enter note:
Enter note:
Enter note:
Enter note: You are engulfed in poison gas.
You are poisoned.
You feel very sick.
843 ||| Stepping ~*~*~tactically~*~*~ (cloud).
You feel very sick.
Things that are here:
a potion of attraction; 2 scrolls of poison; a +0 leather armour
There is a lethal amount of poison in your body!
You feel sick.
There is a lethal amount of poison in your body!
You feel sick.
There is a lethal amount of poison in your body!
You feel sick.
There is a lethal amount of poison in your body!
You feel sick.
There is a lethal amount of poison in your body!
You feel sick.
There is a lethal amount of poison in your body!
You die...

##.#.## #.###...# #.###.##### #.#
#7P.77 .##.......# #.###77~~7
#.#.#.###.# ######....7P~~7
%#...## #.# #......77.77~77
.##.#####.####.####77777P~~7777
.##...)........¤0##PP7P7~~.7P~77#
.#####.##....#.#.0..~.~)~~..~~~..
...............#@##77P7~~..7777~.
..#######....###¤# 77777~~7 77#
..# #.#.## #0# #.77P.77 ..#
#....###¤## #.777~777# ..#
#........0# #.#7P~~7.# ..#
#....###¤0###%#7P.77.#### ..#
#......¤00............... ..#
#########.##########.#### ### #.#
#....#


There were no monsters in sight!

Vanquished Creatures
  4 endoplasms (D:1)
  5 goblins (D:1)
  4 hobgoblins (D:1)
  4 jackals (D:1)
  A quokka (D:1)
  3 ball pythons (D:1)
  4 rats (D:1)
25 creatures vanquished.

Notes
Turn   | Place    | Note
-------+----------+-------------------------------------------
     0 | D:1      | qw the Deep Elf Hunter began the quest for the Orb.
     0 | D:1      | Reached XP level 1. HP: 12/12 MP: 3/3
     0 | D:1      | 0 ||| qw: Version: 0.3-a-155-g5e7d8dd
     0 | D:1      | 0 ||| qw: Game counter: 907
     0 | D:1      | 0 ||| qw: Melee chars always use a shield: true
     0 | D:1      | 0 ||| qw: God list: Okawaru
     0 | D:1      | 0 ||| qw: Allow faded altars: false
     0 | D:1      | 0 ||| qw: Do Orc after clearing Dungeon:15 true
     0 | D:1      | 0 ||| qw: Do second Lair branch before Depths: true
     0 | D:1      | 0 ||| qw: Lair rune preference: random
     0 | D:1      | 0 ||| qw: Goals: Normal
     0 | D:1      | 0 ||| PLANNING D:1-11
    62 | D:1      | HP: 1/12 [hobgoblin/+0 short sword (6)]
    65 | D:1      | Reached skill level 6 in Ranged Weapons
    65 | D:1      | Reached XP level 2. HP: 2/16 MP: 4/4
   156 | D:1      | 156 ||| DROPPING +6 ring of intelligence.
   157 | D:1      | 157 ||| DROPPING scroll of butterflies.
   625 | D:1      | Reached XP level 3. HP: 19/20 MP: 5/5
   786 | D:1      | 786 ||| UPGRADING to +0 ring mail.
   796 | D:1      | 796 ||| DROPPING +0 leather armour.
   797 | D:1      | 797 ||| UPGRADING to +0 pair of gloves.
   802 | D:1      | 802 ||| READING scroll labelled ACAMU SOGRING.
   837 | D:1      | 837 ||| READING 3 scrolls labelled OBBOCU PETA.
   838 | D:1      | 838 ||| READING scroll labelled ATZI HIOK OGAKLI.
   839 | D:1      | 839 ||| DRINKING 2 inky potions.
   840 | D:1      | 840 ||| DROPPING 2 scrolls of poison.
   841 | D:1      | 841 ||| DROPPING potion of attraction.
   843 | D:1      | 843 ||| Stepping ~*~*~tactically~*~*~ (cloud).
   844 | D:1      | HP: 5/20 [poisoned by you (poison gas)]
   847 | D:1      | HP: 2/20 [poisoned by you (poison gas)]
   849 | D:1      | Succumbed to their own poison gas

Levels and vault maps discovered:
D:1:      shiori_arrival_maze, layout_loops_ring, grunt_decor_cap,
          serial_bayou_crossing

Skill      XL: |  1 |
---------------+----+-----
Ranged Weapons | 6 |  6.6
Fighting       | |  1.5
Dodging        | |  2.4
Stealth        | |  1.2

Action                     || total
---------------------------++-------
   Fire: Shortbow          ||    65
    Use: Scroll            ||     3
         Potion            ||     1
 Armour: Leather armour    ||    15
  Dodge: Dodged            ||    15

Table legend:
 A = Non-vault XP
 B = Vault XP
 C = Vault XP percentage of total XP
 D = Non-vault monster count
 E = Vault monster count
 F = Vault count percentage of total count
                 A         B        C        D         E       F
            +---------+---------+-------+---------+---------+-------
      Total |      41 |       3 |   6.8 |      23 |       2 |   8.0
            +---------+---------+-------+---------+---------+-------
        D:1 |      41 |       3 |   6.8 |      23 |       2 |   8.0
            +---------+---------+-------+---------+---------+-------
